 Dungeon Crawl Stone Soup version 0.31-a0-182-gc5ef74bbde (webtiles) character file.

Game seed: 14047564919114754222

496 qw the Chopper (level 7, -17/43 HPs)
             Began as a Gargoyle Fighter on June 20, 2023.
             Was an Initiate of Okawaru.
             Demolished by an ogre
             ... wielding a +0 giant club
              (23 damage)
             ... on level 3 of the Dungeon.
             The game lasted 00:01:52 (2595 turns).

qw the Chopper (Gargoyle Fighter)                   Turns: 2595, Time: 00:01:52

Health: -17/43     AC: 19    Str: 21    XL:     7   Next: 15%
Magic:  7/7        EV:  8    Int:  9    God:    Okawaru [......]
Gold:   191        SH:  4    Dex:  9    Spells: 6/6 levels left

rFire   . . .        Y - +2 war axe
rCold   . . .        c - +0 buckler
rNeg    + . .        k - +0 chain mail
rPois   inf          f - +0 helmet
rElec   +            (no cloak)
rCorr   .            l - +2 pair of gloves
SInv    .            p - +0 pair of boots
Will    +....        (no amulet) Stlth
                     j - ring of willpower
HPRegen 0.27/turn    (no ring)
MPRegen 0.10/turn

%: no passive effects
@: no status effects
A: sickness immunity, AC +4, negative energy resistance 1, electricity
resistance, torment resistance 1, petrification resistance
a: Renounce Religion


You were on level 3 of the Dungeon.
You worshipped Okawaru.
Okawaru was noncommittal.
You visited 1 branch of the dungeon, and saw 3 of its levels.

You collected 191 gold pieces.


Innate Abilities, Weirdness & Mutations

You are immune to sickness and miasma.
Your stone body is resilient. (AC +4)
You are immune to poison.
You resist negative energy. (rN+)
You are resistant to electric shocks. (rElec)
You are resistant to unholy torment.
You are immune to petrification.


   Skills:
 - Level 4.0 Fighting
 + Level 6.4 Axes
 - Level 3.2 Armour
 - Level 1.1 Dodging
 - Level 3.2 Shields


You had 6 spell levels left.
You didn't know any spells.
Your spell library was empty.

Inventory:

Hand Weapons
 g - a +2 mace of protection
 Y - a +2 war axe (weapon)
Missiles
 m - a boomerang (quivered)
Armour
 c - a +0 buckler (worn)
 f - a +0 helmet (worn)
 k - a +0 chain mail (worn)
 l - a +2 pair of gloves (worn)
 p - a +0 pair of boots (worn)
Jewellery
 j - a ring of willpower (left hand)
Scrolls
 q - a scroll of identify
Potions
 a - a potion of brilliance {unknown}
 b - a potion of mutation {unknown}
 d - 4 potions of might
 e - a potion of haste {unknown}
 h - a potion of curing
 i - a potion of heal wounds {unknown}
 n - a potion of attraction {unknown}
 o - a potion of lignification {unknown}

Dungeon Overview and Level Annotations

Branches:
Dungeon (3/15)

Altars:
Fedhas
Nemelex Xobeh
Okawaru
Ru


Message History

You kill the gnoll!
Okawaru accepts your kill.
A gnoll comes into view. It is wielding a +0 halberd.
You slash the orc!
You kill the orc!
Okawaru accepts your kill. You block the gnoll's attack.
You block the gnoll's attack.
You slash the gnoll!
The gnoll is severely wounded.
The gnoll hits you with a +0 halberd!
You slash the gnoll!
You kill the gnoll!
Okawaru accepts your kill.
You start resting.
A gnoll is nearby!
2578 ||| Stepping ~*~*~tactically~*~*~ (stealth).
Things that are here:
a +0 halberd; a gnoll corpse You start resting.
A gnoll is nearby!
2589 ||| Stepping ~*~*~tactically~*~*~ (stealth).
An ogre comes into view. It is wielding a +0 giant club.
The gnoll shouts!
Things that are here:
a +0 halberd; a gnoll corpse The gnoll hits you with a +0 halberd!
You slash the gnoll!
The gnoll is severely wounded.
The gnoll barely misses you.
You hit the gnoll.
You kill the gnoll!
Okawaru accepts your kill.
You throw a boomerang. The boomerang hits the ogre.
The ogre is lightly wounded.
You completely miss the ogre.
The ogre is lightly wounded.
The ogre hits you with a +0 giant club!!
Ouch! That really hurt!
You die...

.g. #+###~~
##########+'''#############...#~~
............O.............#.gg#~~
~~~~~~~~~~....~~~~~~~~~~~~#####~~
~~~~~~~~~~....~~~~~~~~~~~~~~~~~~~
~~~~~~~~~~....~~~~~~~~~~~~~~~~~~~
....................)............
#######...##...###...)....#######
##........)O@)...........#
#####.......##.####.#.#''#.#.#
#.....)).).....# #.).#..#...# #
#...)....##.# #)########.# #
#.).))..###.# #.)...[#.'%# ##
#.[#...## #.# #.'...[#.'.#
.###..##.## #.# #.########.#
..##..#..# #.# #...#..#...#
...o..#.## #.# #.#.#''#.#.#


You could see an ogre.

Vanquished Creatures
  2 howler monkeys (D:3)
  3 hounds (D:3)
  2 orc priests
  Robin (D:2)
  9 gnolls (D:3)
  4 adders
  3 worms
  17 orcs
  3 ball pythons (D:2)
  6 endoplasms
  4 giant cockroaches
  12 goblins
  11 hobgoblins
  13 jackals
  4 kobolds
  2 quokkas (D:2)
  7 bats
  3 frilled lizards
  12 rats
118 creatures vanquished.

Notes
Turn   | Place    | Note
-------+----------+-------------------------------------------
     0 | D:1      | qw the Gargoyle Fighter began the quest for the Orb.
     0 | D:1      | Reached XP level 1. HP: 14/14 MP: 1/1
     0 | D:1      | 0 ||| qw: Version: 0.3-a-9-g12657ce
     0 | D:1      | 0 ||| qw: Game counter: 1255
     0 | D:1      | 0 ||| qw: Always use a shield: true
     0 | D:1      | 0 ||| qw: God list: Okawaru
     0 | D:1      | 0 ||| qw: Allow faded altars: false
     0 | D:1      | 0 ||| qw: Do Orc after D:15 true
     0 | D:1      | 0 ||| qw: Do second Lair branch before Depths: true
     0 | D:1      | 0 ||| qw: Lair rune preference: random
     0 | D:1      | 0 ||| qw: Plans: Normal, Zot:1-4, Slime:5, God:TSO, Crypt,
                  | Tomb, Abyss, Pan, Hells, Win
     0 | D:1      | 0 ||| PLANNING D:1-11
    66 | D:1      | Reached skill level 2 in Axes
    83 | D:1      | Reached XP level 2. HP: 13/19 MP: 2/2
   419 | D:1      | Found a faded altar of an unknown god.
   487 | D:1      | Reached skill level 3 in Axes
   561 | D:1      | Reached XP level 3. HP: 23/23 MP: 3/3
   622 | D:1      | 622 ||| READING scroll labelled ZEDGHI CIUNAUCH.
   641 | D:1      | 641 ||| READING scroll labelled QUFEDAGEILY.
   642 | D:1      | 642 ||| READING scroll labelled BIKHLU JUVEILEP.
   647 | D:1      | 647 ||| READING scroll labelled YTOIFF COWNOST.
   649 | D:1      | 649 ||| READING scroll labelled LAPOIBREBOMP.
   665 | D:1      | 665 ||| READING scroll labelled XOISHR XORCHA.
   668 | D:1      | 668 ||| DRINKING 2 silvery potions.
   687 | D:2      | 687 ||| STAIRDANCE
   701 | D:2      | 701 ||| STAIRDANCE
   737 | D:2      | 737 ||| Stepping ~*~*~tactically~*~*~ (stealth).
   738 | D:2      | 738 ||| Stepping ~*~*~tactically~*~*~ (stealth).
   755 | D:2      | 755 ||| Stepping ~*~*~tactically~*~*~ (stealth).
   757 | D:2      | Noticed Robin
   774 | D:2      | Killed Robin
   775 | D:2      | Reached XP level 4. HP: 18/28 MP: 4/4
   830 | D:2      | 830 ||| Stepping ~*~*~tactically~*~*~ (stealth).
   832 | D:2      | 832 ||| Stepping ~*~*~tactically~*~*~ (stealth).
   837 | D:2      | Reached skill level 4 in Axes
   858 | D:2      | 858 ||| Stepping ~*~*~tactically~*~*~ (stealth).
   876 | D:2      | 876 ||| DROPPING +0 mace.
   951 | D:2      | 951 ||| UPGRADING to +0 helmet.
   956 | D:2      | 956 ||| UPGRADING to ring of willpower.
   957 | D:2      | 957 ||| READING scroll labelled HOXUTU QYXA.
   958 | D:2      | 958 ||| READING scroll labelled JEVVO GI OG NEE.
  1133 | D:2      | Reached XP level 5. HP: 32/32 MP: 5/5
  1228 | D:2      | 1228 ||| READING scroll of enchant weapon.
  1228 | D:2      | 1228 ||| ENCHANTING +1 war axe.
  1537 | D:2      | 1537 ||| UPGRADING to +0 chain mail.
  1547 | D:2      | 1547 ||| DROPPING +0 scale mail.
  1548 | D:2      | 1548 ||| UPGRADING to +2 pair of gloves.
  1553 | D:2      | 1553 ||| UPGRADING to +0 pair of boots.
  1558 | D:2      | 1558 ||| READING scroll labelled UKHLAO ITZUTOS.
  1593 | D:3      | Reached skill level 5 in Axes
  1607 | D:3      | 1607 ||| Stepping ~*~*~tactically~*~*~ (stealth).
  1609 | D:3      | 1609 ||| Stepping ~*~*~tactically~*~*~ (hiding).
  1610 | D:3      | 1610 ||| Stepping ~*~*~tactically~*~*~ (hiding).
  1697 | D:3      | Reached XP level 6. HP: 38/38 MP: 6/6
  1710 | D:3      | 1710 ||| Stepping ~*~*~tactically~*~*~ (stealth).
  1711 | D:3      | 1711 ||| Stepping ~*~*~tactically~*~*~ (stealth).
  1875 | D:3      | Reached skill level 6 in Axes
  1952 | D:3      | Found an iron altar of Okawaru.
  1952 | D:3      | Found a blossoming altar of Fedhas.
  1952 | D:3      | Found a sacrificial altar of Ru.
  1952 | D:3      | Found a sparkling altar of Nemelex Xobeh.
  1953 | D:3      | 1953 ||| PLANNING OKAWARU WORSHIP
  1958 | D:3      | Became a worshipper of Warmaster Okawaru
  1959 | D:3      | 1959 ||| PLANNING D:1-11
  2198 | D:3      | 2198 ||| Stepping ~*~*~tactically~*~*~ (stealth).
  2211 | D:3      | HP: 9/38 [gnoll/+0 halberd (1)]
  2214 | D:3      | Reached skill level 1 in Dodging
  2216 | D:3      | Reached XP level 7. HP: 12/43 MP: 7/7
  2216 | D:3      | HP: 6/43 [gnoll/+0 spear (6)]
  2228 | D:3      | 2228 ||| FLEEEEING.
  2273 | D:3      | 2273 ||| FLEEEEING.
  2274 | D:3      | 2274 ||| FLEEEEING.
  2275 | D:3      | 2275 ||| FLEEEEING.
  2279 | D:3      | 2279 ||| STAIRDANCE
  2527 | D:3      | 2527 ||| Stepping ~*~*~tactically~*~*~ (hiding).
  2530 | D:3      | 2530 ||| Stepping ~*~*~tactically~*~*~ (hiding).
  2575 | D:3      | HP: 8/43 [gnoll/+0 halberd (7)]
  2578 | D:3      | 2578 ||| Stepping ~*~*~tactically~*~*~ (stealth).
  2589 | D:3      | 2589 ||| Stepping ~*~*~tactically~*~*~ (stealth).
  2591 | D:3      | HP: 5/43 [gnoll/+0 halberd (8)]
  2595 | D:3      | Demolished by an ogre

Levels and vault maps discovered:
D:1:      lightli_molten_gateway, layout_rooms, shapermc_ecumenical_altar_petra,
          minivault_26
D:2:      cheibrodos_pilgrimage, layout_loops_ring, uniq_robin
D:3:      lemuel_castle_with_subvaults [lemuel_castle_interior_carwin_3],
          layout_loops_ring, grunt_temple_overflow_cloverleaf, minmay_mini_jars

Skill      XL: |  1  2  3  4  5  6 |
---------------+-------------------+-----
Axes           | 2 3 4 5 6 |  6.4
Fighting       | 4 |  4.0
Dodging        | 1 |  1.1
Armour         | |  3.2
Shields        | |  3.2

Action                     |  1- 3 |  4- 6 |  7- 9 || total
---------------------------+-------+-------+-------++-------
  Melee: War axe           |    75 |   160 |    36 ||   271
  Throw: Boomerang         |       |    76 |    13 ||    89
    Use: Scroll            |     6 |     4 |       ||    10
         Potion            |     1 |       |       ||     1
 Armour: Scale mail        |    62 |    37 |       ||    99
         Chain mail        |       |    71 |    10 ||    81
  Dodge: Dodged            |    40 |    83 |    11 ||   134
  Block: Buckler           |    16 |    30 |     6 ||    52

Table legend:
 A = Non-vault XP
 B = Vault XP
 C = Vault XP percentage of total XP
 D = Non-vault monster count
 E = Vault monster count
 F = Vault count percentage of total count
                 A         B        C        D         E       F
            +---------+---------+-------+---------+---------+-------
      Total |     240 |     469 |  66.1 |      59 |      59 |  50.0
            +---------+---------+-------+---------+---------+-------
        D:1 |      54 |       0 |   0.0 |      25 |       0 |   0.0
        D:2 |      58 |      94 |  61.8 |      18 |      18 |  50.0
        D:3 |     128 |     375 |  74.6 |      16 |      41 |  71.9
            +---------+---------+-------+---------+---------+-------
